 Dungeon Crawl Stone Soup version 0.30-a0-723-gc1506a1cf0 (webtiles) character file.

Game seed: 4714909049540349965

383 jimonade the Shooter (level 7, -3/50 HPs)
             Began as a Formicid Hunter on Jan 29, 2023.
             Slain by Duvessa
             ... wielding a +0 short sword
              (14 damage)
             ... on level 4 of the Dungeon.
             The game lasted 00:03:46 (2972 turns).

jimonade the Shooter (Formicid Hunter)              Turns: 2972, Time: 00:03:47

Health: -3/50      AC:  3    Str: 16    XL:     7   Next: 5%
Magic:  7/7        EV: 12    Int: 14    God:
Gold:   157        SH:  0    Dex: 19    Spells: 6/6 levels left

rFire   . . .      SeeInvis +    a - +0 shortbow
rCold   . . .      Faith    .    (no shield)
rNeg    . . .      Spirit   .    c - +0 leather armour
rPois   .          Reflect  .    (helmet unavailable)
rElec   .          Harm     .    (no cloak)
rCorr   .          Rampage  .    (no gloves)
Will    .....                    (no boots)
Stlth   ++                       n - amulet of the acrobat
HPRegen 0.28/turn                h - +6 ring of intelligence
MPRegen 0.10/turn                (no ring)

@: no status effects
A: permanent stasis, dig shafts and tunnels, antennae 3, four strong arms
a: Dig, Shaft Self


You were on level 4 of the Dungeon.
You visited 1 branch of the dungeon, and saw 4 of its levels.

You collected 157 gold pieces.

Inventory:

Hand Weapons
 a - a +0 shortbow (weapon)
Missiles
 s - 3 poisoned darts
Armour
 c - a +0 leather armour (worn)
 j - a +0 chain mail
Jewellery
 h - a +6 ring of intelligence (left hand)
 n - an amulet of the acrobat (around neck)
Wands
 r - a wand of light (7)
Scrolls
 b - 2 scrolls of immolation
 e - 3 scrolls of identify {unknown}
 f - 3 scrolls of teleportation {unknown}
 g - a scroll of fog {unknown}
 k - a scroll of amnesia {unknown}
 l - 2 scrolls of poison {unknown}
 p - a scroll of blinking {unknown}
 q - a scroll of butterflies {unknown}
 t - a scroll of vulnerability {unknown}
Potions
 d - 6 potions of curing {unknown}
 i - a potion of mutation {unknown}
 m - a potion of heal wounds {unknown}
 o - a potion of magic {unknown}


   Skills:
 - Level 2.1 Fighting
 + Level 7.9 Ranged Weapons
 - Level 1.7 Dodging
 - Level 1.2 Stealth


You had 6 spell levels left.
You didn't know any spells.
Your spell library contained the following spells:

 Spells                   Type           Power      Damage    Failure   Level
 Sandblast                Erth           0%         2d4       34%         1
 Passwall                 Tmut/Erth      0%         N/A       47%         2
 Stone Arrow              Conj/Erth      0%         3d7       71%         3


Dungeon Overview and Level Annotations

Branches:
Dungeon (4/15)
 Temple: D:4-7

Altars:
Ashenzari

Annotations:
D:4 Duvessa


Innate Abilities, Weirdness & Mutations

You cannot be hasted, slowed, berserked, paralysed or teleported.
You can dig through walls and to a lower floor.
You have a pair of large antennae on your head. (SInv)
Your four strong arms can wield two-handed weapons with a shield.


Message History

Dowan casts a spell at you. The puff of frost hits you.
You shoot an arrow. The arrow closely misses Dowan.
The arrow hits Duvessa!
Duvessa is moderately wounded.
You hear a shout!
A kobold comes into view. It is wielding a +0 short sword.
You shoot an arrow.
The arrow hits Dowan but does no damage.
Dowan is almost dead.
Dowan hits you with a +0 dagger.
Dowan gestures at Duvessa while chanting.
Duvessa seems to speed up.
You shoot an arrow. The arrow closely misses Dowan.
The arrow hits Duvessa but does no damage.
Duvessa is moderately wounded.
Dowan hits you with a +0 dagger. Duvessa hits you with a +0 short sword!
You shoot an arrow. The arrow misses Dowan.
Dowan gestures at you while chanting.
You easily resist.
Duvessa zaps a wand.
The puff of flame hits you!
You are too injured to fight recklessly!
You are too injured to fight recklessly!
You are too injured to fight recklessly!
You are too injured to fight recklessly!
You are too injured to fight recklessly!
Fire: a) +0 shortbow
Press: ? - help, Q - select action, (/) - cycle Shift-Dir - straight line, f/p - Dowan
Aim: Dowan, wielding a +0 dagger and wearing a +0 robe (almost dead, fast, 56% to hit)
You shoot an arrow. The arrow barely misses Dowan.
Dowan closely misses you.
Duvessa zaps a wand.
The puff of flame hits you!
* * * LOW HITPOINT WARNING * * *
Dowan closely misses you. Duvessa barely misses you.
Fire: a) +0 shortbow
Press: ? - help, Q - select action, (/) - cycle Shift-Dir - straight line, f/p - Dowan
Aim: Dowan, wielding a +0 dagger and wearing a +0 robe (almost dead, fast, 56% to hit)
You shoot an arrow. The arrow hits Dowan.
You kill Dowan!
Duvessa screams, "No!
How DARE you!"
Duvessa goes berserk!
Duvessa hits you with a +0 short sword!
You die...

........+............#
......).#..........#.#
.....~...#.........#.#
.....~~..............#
....~~~~♣#.......#####
.##.~~~.P#.......######
#♣.~~≈.#............#
...................#
..##..@......# .
#...)e.....#
#...#......#
#......K...#
............#
...............
................
....... .......


You could see Duvessa (berserk, fast) and a kobold.

Vanquished Creatures
  Sigmund (D:4)
  Dowan (D:4)
  An orc priest (D:3)
  2 iguanas (D:4)
  2 orc wizards (D:3)
  2 adders (D:2)
  4 dart slugs
  4 orcs (D:3)
  4 bats
  8 endoplasms
  2 giant cockroaches
  3 goblins
  3 hobgoblins
  4 jackals (D:2)
  5 quokkas
  7 ball pythons
  4 frilled lizards
  6 kobolds
  4 rats
67 creatures vanquished.

Vanquished Creatures (others)
  4 plants (D:1)
4 creatures vanquished.

Grand Total: 71 creatures vanquished

Notes
Turn   | Place    | Note
-------+----------+-------------------------------------------
     0 | D:1      | jimonade the Formicid Hunter began the quest for the Orb.
     0 | D:1      | Reached XP level 1. HP: 16/16 MP: 1/1
   445 | D:1      | Reached XP level 2. HP: 22/22 MP: 2/2
   938 | D:2      | Reached XP level 3. HP: 27/27 MP: 3/3
   955 | D:2      | Reached skill level 5 in Ranged Weapons
  1417 | D:2      | Reached XP level 4. HP: 33/33 MP: 4/4
  1994 | D:3      | Reached XP level 5. HP: 38/38 MP: 5/5
  1999 | D:3      | Reached skill level 6 in Ranged Weapons
  2433 | D:3      | Found a broken altar of Ashenzari.
  2684 | D:4      | Noticed Sigmund
  2693 | D:4      | Killed Sigmund
  2694 | D:4      | Reached skill level 7 in Ranged Weapons
  2694 | D:4      | Reached XP level 6. HP: 34/44 MP: 6/6
  2761 | D:4      | Reached XP level 7. HP: 27/50 MP: 7/7
  2961 | D:4      | Noticed Dowan
  2964 | D:4      | Noticed Duvessa
  2972 | D:4      | Killed Dowan
  2972 | D:4      | Slain by Duvessa

Illustrated notes

Levels and vault maps discovered:
D:1:      nagdon_arrival_double_spiral, layout_basic, serial_bayou,
          serial_bayou_pond_e, serial_bayou_pond_e, serial_bayou_lagoon_a,
          serial_bayou_lake_a
D:2:      layout_basic
D:3:      layout_basic, lemuel_coloured_pillars_altar
D:4:      layout_basic, mainiacjoe_overflow_six_doors_small,
          nicolae_ru_path_of_blood, serial_demonic, serial_demonic_a,
          serial_demonic_f, serial_demonic_e, serial_demonic_e,
          hangedman_decor_riveting, uniq_grinder, uniq_duvessa, uniq_sigmund,
          uniq_eustachio

Skill      XL: |  1  2  3  4  5 |
---------------+----------------+-----
Ranged Weapons | 5 7 |  7.9
Fighting       | |  2.1
Dodging        | |  1.7
Stealth        | |  1.2

Action                     |  1- 3 |  4- 6 |  7- 9 || total
---------------------------+-------+-------+-------++-------
   Fire: Shortbow          |    78 |    92 |    11 ||   181
 Armour: Leather armour    |    10 |     2 |       ||    12
  Dodge: Dodged            |    42 |     5 |     3 ||    50

Table legend: (Time is in decaauts)
 A = Elapsed time spent in this place.
 B = Non-inter-level travel time spent in this place.
 C = Inter-level travel time spent in this place.
 D = Time resting spent in this place.
 E = Time spent auto-exploring this place.
 F = Levels seen in this place.
 G = Mean time per level.
                   A        B        C        D        E       F      G
               +--------+--------+--------+--------+--------+-----+--------+
         Total |   3075 |   2915 |    160 |    422 |   2017 |   4 |  768.8 |
       Dungeon |   3075 |   2915 |    160 |    422 |   2017 |   4 |  768.8 |
               +--------+--------+--------+--------+--------+-----+--------+

Top non-repeatable levels by time:
     D:2: 1042 daAuts
     D:1: 909 daAuts
     D:3: 763 daAuts
     D:4: 360 daAuts
